Moose vs Rocket (R1)

Created - May 4, 2021 at 20:20

Goals
1 2 3 OT1 T
Moose 2 1 2 1 6
Rocket 1 2 2 0 5
Shots
1 2 3 OT1 T
Moose 18 11 10 3 42
Rocket 10 12 7 0 29

1st period

1. Rocket , Tom Wilson 21 (Andrey Pedan 17, Corey Trivino 43) at 3:34
2. Moose , Nikolay Goldobin 10 (Nathan Walker 17, Cedric Paquette 19) at 4:25
3. Moose , Jordan Martinook 26 (Iiro Pakarinen 49, Cedric Paquette 20) at 14:03

Penalties :
Adrian Kempe (Lav) for Holding (Minor) at 15:42

2nd period

4. Rocket , Mattias Tedenby 32 (Jonathan Matsumoto 12, Andrei Mironov 16) at 8:55
5. Rocket , Adrian Kempe 43 (Brian Dumoulin 56, Peter Holland 48) at 16:10
6. Moose , Troy Stetcher 7 (Vince Hinostroza 26) at 18:01 (PP)

Penalties :
Nick Ritchie (Lav) for Interference (Minor) at 17:08, Alex Petrovic (Lav) for Hooking (Minor) at 18:36

3rd period

7. Rocket , Tom Wilson 22 (Corey Trivino 44, Andrei Mironov 17) at 6:30
8. Rocket , Adrian Kempe 44 (Andrey Pedan 18, Jack Glover 4) at 13:34
9. Moose , Nikolay Goldobin 11 (Nathan Walker 18, Jesse Graham 2) at 14:48
10. Moose , Brendan Perlini 15 (Cedric Paquette 21, Josh Bailey 21) at 15:36

Penalties :
Danton Heinen (Lav) for Hooking (Minor) at 1:47, Troy Stetcher (Man) for Cross-checking (Minor) at 6:43, Vince Hinostroza (Man) for Holding Stick (Minor) at 10:09, Vladislav Gavrikov (Man) for Hooking (Minor) at 17:57

Overtime #1

11. Moose , Vince Hinostroza 25 (Matthew Benning 5, Vladislav Gavrikov 14) at 1:32

Penalties :
No Penalty

Goalie Stats

Magnus Hellberg (Man), 24 saves from 29 shots - (0.828), W, 21-13-3, 61:32 minutes
Jean-Francois Berube (Lav), 36 saves from 42 shots - (0.857), OTL, 19-12-6, 61:32 minutes

Players Stats for Moose

Player Name              G  A  P  +/- PIM S  H  SB GA TA FO     MP     PP MP  PK MP  
------------------------------------------------------------------------------------
Alexandre Carrier        0  0  0   0  0   0  2  2  0  0  0/0    16:36   2:03   1:45 
Brendan Perlini          1  0  1   0  0   3  1  0  0  1  0/0    12:55   2:32   0:00 
Cedric Paquette          0  3  3   1  0   3  3  1  0  0  3/9    13:40   0:00   2:56 
Dominik Kahun            0  0  0  -3  0   1  4  1  0  1  19/31  22:20   4:08   1:10 
Iiro Pakarinen           0  1  1   1  0   3  1  1  2  0  0/0    15:43   2:32   0:00 
Jesse Graham             0  1  1   0  0   1  3  0  0  1  0/0    11:36   0:00   0:00 
Jordan Martinook         1  0  1   1  0   5  0  0  0  1  1/1    15:52   0:10   2:33 
Josh Bailey              0  1  1   0  0   2  1  0  0  0  0/0    11:06   0:00   0:45 
Ludwig Bystrom           0  0  0   2  0   6  1  1  1  0  0/0    26:25   4:47   3:28 
Matthew Benning          0  1  1   3  0   0  1  1  0  1  0/0    20:34   0:00   3:28 
Mitchell Stephens        0  0  0   1  0   1  0  0  0  0  1/2     7:48   0:00   0:00 
Nathan Walker            0  2  2   1  0   2  3  0  0  0  0/0     8:28   0:40   0:00 
Nicolas Petan            0  0  0   1  0   0  2  0  1  0  6/15   15:43   2:32   0:00 
Nikolaj Ehlers           0  0  0  -3  0   2  1  0  0  0  1/1    22:03   4:08   0:53 
Nikolay Goldobin         2  0  2   1  0   3  2  0  0  0  0/0     9:29   0:00   1:41 
Troy Stetcher            1  0  1  -3  2   7  1  2  0  2  0/0    25:26   4:47   1:28 
Vince Hinostroza         1  1  2  -2  2   2  2  0  2  0  0/1    21:35   3:48   1:56 
Vladislav Gavrikov       0  1  1  -2  2   1  2  1  0  0  0/0    22:49   2:03   1:45 

Players Stats for Rocket

Player Name              G  A  P  +/- PIM S  H  SB GA TA FO     MP     PP MP  PK MP  
------------------------------------------------------------------------------------
Adrian Kempe             2  0  2   0  2   7  2  0  2  0  1/1    19:04   3:18   0:00 
Alex Petrovic            0  0  0  -1  2   1  4  3  0  0  0/0    26:07   3:41   1:42 
Andrei Mironov           0  2  2   0  0   0  0  2  0  3  0/0    18:02   2:16   0:23 
Andrey Pedan             0  2  2   1  0   0  0  3  0  0  0/0    17:13   0:00   4:21 
Anthony Nigro            0  0  0  -2  0   1  1  0  0  2  6/13   13:26   0:00   4:24 
Brian Dumoulin           0  1  1  -1  0   0  1  3  0  0  0/0    27:35   3:41   2:29 
Corey Trivino            0  2  2   2  0   2  1  0  0  0  5/13   16:42   2:39   0:00 
Daniel Sprong            0  0  0  -2  0   0  0  1  0  0  0/0     8:06   0:10   0:00 
Danton Heinen            0  0  0   1  2   1  0  0  0  0  0/0    16:48   3:15   0:00 
Jack Glover              0  1  1   1  0   0  1  0  0  0  0/0    17:13   0:00   4:21 
Jiri Sekac               0  0  0  -1  0   0  1  0  0  0  0/0     6:11   0:00   0:12 
Jonathan Matsumoto       0  1  1  -1  0   2  2  1  0  1  4/5    13:37   0:03   1:26 
Mattias Tedenby          1  0  1  -1  0   2  1  2  1  0  0/0    14:30   0:00   1:43 
Nick Ritchie             0  0  0   2  2   3  2  0  2  0  0/0    17:22   2:32   0:48 
Peter Holland            0  1  1   1  0   1  3  0  1  0  10/24  17:30   3:15   0:43 
Tom Wilson               2  0  2   2  0   5  0  0  1  0  1/1    14:00   0:00   0:00 
Tyler Pitlick            0  0  0   0  0   2  2  1  0  0  2/3    18:00   2:39   4:24 
Viktor Loov              0  0  0   0  0   2  2  0  0  0  0/0    17:48   2:16   0:24 

3 Stars

1 - Nikolay Goldobin (Man)
2 - Tom Wilson (Lav)
3 - Cedric Paquette (Man)

Power Play

Moose - 1 on 4 Attempt(s) - 25.00%
Rocket - 0 on 3 Attempt(s) - 0.00%

Penalty Kill

Moose - 3 on 3 Attempt(s) - 100.00% - Score 0 goal in Penalty Kill
Rocket - 3 on 4 Attempt(s) - 75.00% - Score 0 goal in Penalty Kill

Team Stat

Moose - Hits : 30 - Faceoff Wins : 31 - Blocked Shots : 10 - Penalty Minutes : 6
Rocket - Hits : 23 - Faceoff Wins : 29 - Blocked Shots : 16 - Penalty Minutes : 8

Official

Referees : Unknown
Linesman : Unknown

Game Notes

Jiri Sekac is injured at 15:44 of 2nd period (Bruised Right Arm)

Finance

Level 1 -- Attendance: 2000 (100.00%) -- Ticket Income $40,000
Level 2 -- Attendance: 930 (93.00%) -- Ticket Income $12,090
Total Attendance: 2930 (97.67%)
Total Ticket Income: $52,090
Other Income: $2,604
Total Income: $54,694

Moose

5 vs 5 Forward 
   Center                   Left Wing                Right Wing               Time % Phy DF OF 
 1 Dominik Kahun            Nikolaj Ehlers           Vince Hinostroza         40     0   2  3  
 2 Nicolas Petan            Jordan Martinook         Iiro Pakarinen           30     1   1  3  
 3 Cedric Paquette          Brendan Perlini          Josh Bailey              20     1   2  2  
 4 Mitchell Stephens        Nathan Walker            Nikolay Goldobin         10     0   2  3  

5 vs 5 Defense 
   Defense                  Defense                                           Time % Phy DF OF 
 1 Vladislav Gavrikov       Troy Stetcher                                     40     1   2  2  
 2 Matthew Benning          Ludwig Bystrom                                    35     1   2  2  
 3 Alexandre Carrier        Jesse Graham                                      25     1   2  2  
 4 Troy Stetcher            Matthew Benning                                   0      1   2  2  

PowerPlay Forward 
   Center                   Left Wing                Right Wing               Time % Phy DF OF 
 1 Dominik Kahun            Nikolaj Ehlers           Vince Hinostroza         60     0   1  4  
 2 Nicolas Petan            Brendan Perlini          Iiro Pakarinen           40     0   1  4  

PowerPlay Defense
   Defense                  Defense                                           Time % Phy DF OF 
 1 Ludwig Bystrom           Troy Stetcher                                     60     0   1  4  
 2 Vladislav Gavrikov       Alexandre Carrier                                 40     0   1  4  

Penalty Kill 4 Players Forward 
   Center                   Wing                     Time % Phy DF OF 
 1 Cedric Paquette          Vince Hinostroza         60     1   3  1  
 2 Josh Bailey              Jordan Martinook         40     1   3  1  

Penalty Kill 4 Players Defense
   Defense                  Defense                  Time % Phy DF OF 
 1 Matthew Benning          Ludwig Bystrom           60     1   4  0  
 2 Vladislav Gavrikov       Troy Stetcher            40     1   4  0  

Penalty Kill - 3 Players Forward 
   Forward                                           Time % Phy DF OF 
 1 Josh Bailey                                       60     0   4  1  
 2 Vince Hinostroza                                  40     0   4  1  

Penalty Kill - 3 Players Defense
   Defense                  Defense                  Time % Phy DF OF 
 1 Matthew Benning          Vladislav Gavrikov       60     1   3  1  
 2 Troy Stetcher            Ludwig Bystrom           40     1   3  1  

4 vs 4 Forward 
   Center                   Wing                     Time % Phy DF OF 
 1 Dominik Kahun            Nikolaj Ehlers           60     1   2  2  
 2 Cedric Paquette          Vince Hinostroza         40     1   2  2  

4 vs 4 Defense
   Defense                  Defense                  Time % Phy DF OF 
 1 Troy Stetcher            Ludwig Bystrom           60     1   2  2  
 2 Matthew Benning          Vladislav Gavrikov       40     1   2  2  

Last Minutes Offensive
   Center                   Left Wing                Right Wing               Defense                  Defense                  
   Dominik Kahun            Nikolaj Ehlers           Vince Hinostroza         Ludwig Bystrom           Troy Stetcher            

Last Minutes Defensive
   Center                   Left Wing                Right Wing               Defense                  Defense                  
   Cedric Paquette          Jordan Martinook         Vince Hinostroza         Vladislav Gavrikov       Troy Stetcher            

Goaltenders
Starting : Magnus Hellberg          
Backup : Joey Daccord             

Extra Forwards
Normal : Jordan Martinook, Iiro Pakarinen, Vince Hinostroza - PP : Nathan Walker, Nikolaj Ehlers - PK : Nikolay Goldobin
Extra Defensemen
Normal : Alexandre Carrier, Vladislav Gavrikov, Ludwig Bystrom - PP : Alexandre Carrier - PK : Ludwig Bystrom, Vladislav Gavrikov
Penalty Shots
Nikolay Goldobin, Nathan Walker, Iiro Pakarinen, Brendan Perlini, Cedric Paquette

Scratches
John Marino (Healthy), Nicklas Jensen (Healthy), Jeremy Bracco (Healthy), Colin White (Healthy), Sami Niku (Healthy)
David Kase (Healthy), Jansen Harkins (Healthy), Dwight King (Healthy), John Hayden (Healthy), Mackenzie MacEachern (Healthy)
Mirco Mueller (Bruised Right Arm Injury), Jayce Hawryluk (Healthy), Oskar Lindblom (Healthy), Ryan Collins (Healthy), William Lagesson (Healthy)
Philippe Desrosiers (Healthy)

Rocket

5 vs 5 Forward 
   Center                   Left Wing                Right Wing               Time % Phy DF OF 
 1 Peter Holland            Adrian Kempe             Danton Heinen            35     0   1  4  
 2 Corey Trivino            Nick Ritchie             Tom Wilson               35     0   1  4  
 3 Jonathan Matsumoto       Tyler Pitlick            Mattias Tedenby          25     0   1  4  
 4 Anthony Nigro            Jiri Sekac               Daniel Sprong            5      0   3  2  

5 vs 5 Defense 
   Defense                  Defense                                           Time % Phy DF OF 
 1 Alex Petrovic            Brian Dumoulin                                    40     1   2  2  
 2 Andrei Mironov           Viktor Loov                                       30     1   2  2  
 3 Jack Glover              Andrey Pedan                                      20     1   2  2  
 4 Alex Petrovic            Brian Dumoulin                                    10     1   2  2  

PowerPlay Forward 
   Center                   Left Wing                Right Wing               Time % Phy DF OF 
 1 Peter Holland            Adrian Kempe             Danton Heinen            60     0   0  5  
 2 Corey Trivino            Nick Ritchie             Tyler Pitlick            40     0   0  5  

PowerPlay Defense
   Defense                  Defense                                           Time % Phy DF OF 
 1 Brian Dumoulin           Alex Petrovic                                     60     0   1  4  
 2 Andrei Mironov           Viktor Loov                                       40     0   1  4  

Penalty Kill 4 Players Forward 
   Center                   Wing                     Time % Phy DF OF 
 1 Anthony Nigro            Tyler Pitlick            60     1   4  0  
 2 Jonathan Matsumoto       Mattias Tedenby          40     1   4  0  

Penalty Kill 4 Players Defense
   Defense                  Defense                  Time % Phy DF OF 
 1 Jack Glover              Andrey Pedan             60     1   4  0  
 2 Brian Dumoulin           Alex Petrovic            40     1   4  0  

Penalty Kill - 3 Players Forward 
   Forward                                           Time % Phy DF OF 
 1 Corey Trivino                                     60     0   5  0  
 2 Jonathan Matsumoto                                40     0   5  0  

Penalty Kill - 3 Players Defense
   Defense                  Defense                  Time % Phy DF OF 
 1 Andrei Mironov           Alex Petrovic            60     0   5  0  
 2 Jack Glover              Andrey Pedan             40     0   5  0  

4 vs 4 Forward 
   Center                   Wing                     Time % Phy DF OF 
 1 Anthony Nigro            Adrian Kempe             60     0   2  3  
 2 Jonathan Matsumoto       Mattias Tedenby          40     0   2  3  

4 vs 4 Defense
   Defense                  Defense                  Time % Phy DF OF 
 1 Viktor Loov              Brian Dumoulin           60     0   2  3  
 2 Andrey Pedan             Jack Glover              40     0   2  3  

Last Minutes Offensive
   Center                   Left Wing                Right Wing               Defense                  Defense                  
   Corey Trivino            Adrian Kempe             Danton Heinen            Brian Dumoulin           Alex Petrovic            

Last Minutes Defensive
   Center                   Left Wing                Right Wing               Defense                  Defense                  
   Peter Holland            Tyler Pitlick            Mattias Tedenby          Alex Petrovic            Andrei Mironov           

Goaltenders
Starting : Jean-Francois Berube     
Backup : Joni Ortio               

Extra Forwards
Normal : Adrian Kempe, Danton Heinen, Mattias Tedenby - PP : Danton Heinen, Adrian Kempe - PK : Mattias Tedenby
Extra Defensemen
Normal : Brian Dumoulin, Alex Petrovic, Andrey Pedan - PP : Brian Dumoulin - PK : Andrei Mironov, Alex Petrovic
Penalty Shots
Mattias Tedenby, Adrian Kempe, Danton Heinen, Corey Trivino, Nick Ritchie

Scratches
Dean Kukan (Healthy), Mason Appleton (Healthy), Guillaume Brisebois (Healthy), Tyler Lewington (Healthy), Tobias Lindberg (Healthy)
Scott Glennie (Healthy), Ty Rattie (Healthy), Charles Hudon (Healthy), Sergey Tolchinsky (Healthy), Jakub Vrana (Healthy)
Dominic Turgeon (Healthy), Ryan MacInnis (Healthy)

% Time on Ice - Moose

Lines # - Real PCT - Wanted PCT - Time Play
Normal Forward
1 - 34% - 40% - 15:53
2 - 28% - 30% - 13:11
3 - 22% - 20% - 10:21
4 - 17% - 10% - 7:48
Normal Defense
1 - 40% - 40% - 18:51
2 - 36% - 35% - 16:46
3 - 25% - 25% - 11:36
4 - 0% - 0% - 0:00
PP Forward
1 - 63% - 60% - 4:18
2 - 37% - 40% - 2:32
PP Defense
1 - 70% - 60% - 4:47
2 - 30% - 40% - 2:03
PK Forward
1 - 87% - 60% - 5:12
2 - 13% - 40% - 0:45
PK Defense
1 - 58% - 60% - 3:28
2 - 42% - 40% - 2:29
PK3 Forward
1 - 0% - 60%
2 - 0% - 40%
PK3 Defense
1 - 0% - 60%
2 - 0% - 40%
44 Forward
1 - 75% - 60% - 1:09
2 - 25% - 40% - 0:23
44 Defense
1 - 65% - 60% - 1:00
2 - 35% - 40% - 0:32
Last Minute Offensive  - 0:00
Last Minute Defensive  - 0:00
Total
Forward - 61:32
Defense - 61:32

% Time on Ice - Rocket

Lines # - Real PCT - Wanted PCT - Time Play
Normal Forward
1 - 29% - 35% - 13:32
2 - 32% - 35% - 14:58
3 - 23% - 25% - 10:50
4 - 17% - 5% - 7:53
Normal Defense
1 - 37% - 40% - 17:27
2 - 34% - 30% - 16:01
3 - 25% - 20% - 11:52
4 - 4% - 10% - 1:53
PP Forward
1 - 55% - 60% - 3:18
2 - 45% - 40% - 2:39
PP Defense
1 - 62% - 60% - 3:41
2 - 38% - 40% - 2:16
PK Forward
1 - 79% - 60% - 5:24
2 - 21% - 40% - 1:26
PK Defense
1 - 64% - 60% - 4:21
2 - 36% - 40% - 2:29
PK3 Forward
1 - 0% - 60%
2 - 0% - 40%
PK3 Defense
1 - 0% - 60%
2 - 0% - 40%
44 Forward
1 - 75% - 60% - 1:09
2 - 25% - 40% - 0:23
44 Defense
1 - 43% - 60% - 0:40
2 - 57% - 40% - 0:52
Last Minute Offensive  - 0:00
Last Minute Defensive  - 0:00
Total
Forward - 61:32
Defense - 61:32

Play-by-Play

1st period


0:01 of 1st period - Dominik Kahun wins face-off versus Peter Holland in neutral zone.
0:04 of 1st period - Danton Heinen is hit by Vladislav Gavrikov and loses puck.
0:13 of 1st period - Snap shot by Nikolaj Ehlers.
0:13 of 1st period - Shot Blocked by Brian Dumoulin.
0:15 of 1st period - Slapshot by Troy Stetcher.
0:15 of 1st period - Stopped by Jean-Francois Berube with a rebound.
0:52 of 1st period - Wrist shot by Nikolay Goldobin.
0:52 of 1st period - Stopped by Jean-Francois Berube with a rebound.
0:54 of 1st period - Slapshot by Mitchell Stephens.
0:54 of 1st period - Stopped by Jean-Francois Berube with a rebound.
0:56 of 1st period - Snap shot by Mitchell Stephens.
0:56 of 1st period - Shot Blocked by Tyler Pitlick.
1:23 of 1st period - Alexandre Carrier is hit by Viktor Loov and loses puck.
1:34 of 1st period - Wrist shot by Iiro Pakarinen.
1:34 of 1st period - Shot Misses the Net.
1:40 of 1st period - Snap shot by Jordan Martinook.
1:40 of 1st period - Stopped by Jean-Francois Berube with a rebound.
1:42 of 1st period - Backhand shot by Jesse Graham.
1:42 of 1st period - Stopped by Jean-Francois Berube with a rebound.
1:44 of 1st period - Wrist shot by Jordan Martinook.
1:44 of 1st period - Stopped by Jean-Francois Berube without a rebound.
1:45 of 1st period - Dominik Kahun wins face-off versus Corey Trivino in Rocket zone.
2:03 of 1st period - Icing by Tom Wilson.
2:04 of 1st period - Corey Trivino wins face-off versus Cedric Paquette in Rocket zone.
2:04 of 1st period - Corey Trivino is hit by Brendan Perlini.
2:54 of 1st period - Wrist shot by Tom Wilson.
2:54 of 1st period - Shot Misses the Net.
2:56 of 1st period - Slapshot by Jack Glover.
2:56 of 1st period - Shot Blocked by Troy Stetcher.
2:58 of 1st period - Slapshot by Tom Wilson.
2:58 of 1st period - Stopped by Magnus Hellberg with a rebound.
3:00 of 1st period - Slapshot by Andrey Pedan.
3:00 of 1st period - Shot Blocked by Vladislav Gavrikov.
3:28 of 1st period - Wrist shot by Corey Trivino.
3:28 of 1st period - Stopped by Magnus Hellberg with a rebound.
3:32 of 1st period - Snap shot by Tom Wilson.
3:32 of 1st period - Stopped by Magnus Hellberg with a rebound.
3:34 of 1st period - Slapshot by Tom Wilson.
3:34 of 1st period - Goal by Tom Wilson - Moose : 0 - Rocket : 1.
3:35 of 1st period - Peter Holland wins face-off versus Nicolas Petan in neutral zone.
4:02 of 1st period - Viktor Loov is hit by Josh Bailey and loses puck.
4:25 of 1st period - Snap shot by Nathan Walker.
4:25 of 1st period - Deflect By Nikolay Goldobin.
4:25 of 1st period - Goal by Nikolay Goldobin - Moose : 1 - Rocket : 1.
4:26 of 1st period - Nicolas Petan wins face-off versus Peter Holland in neutral zone.
4:49 of 1st period - Icing by Jesse Graham.
4:50 of 1st period - Tyler Pitlick wins face-off versus Nicolas Petan in Moose zone.
4:57 of 1st period - Slapshot by Tyler Pitlick.
4:57 of 1st period - Stopped by Magnus Hellberg with a rebound.
5:07 of 1st period - Slapshot by Tyler Pitlick.
5:07 of 1st period - Stopped by Magnus Hellberg with a rebound.
5:19 of 1st period - Wrist shot by Brendan Perlini.
5:19 of 1st period - Stopped by Jean-Francois Berube with a rebound.
5:39 of 1st period - Brian Dumoulin is hit by Jesse Graham and loses puck.
8:38 of 1st period - Adrian Kempe is hit by Nicolas Petan and loses puck.
8:55 of 1st period - Wrist shot by Josh Bailey.
8:55 of 1st period - Stopped by Jean-Francois Berube with a rebound.
8:57 of 1st period - Snap shot by Cedric Paquette.
8:57 of 1st period - Deflect By Brendan Perlini.
8:57 of 1st period - Stopped by Jean-Francois Berube with a rebound.
9:01 of 1st period - Wrist shot by Josh Bailey.
9:01 of 1st period - Stopped by Jean-Francois Berube with a rebound.
9:03 of 1st period - Wrist shot by Cedric Paquette.
9:03 of 1st period - Stopped by Jean-Francois Berube with a rebound.
10:16 of 1st period - Wrist shot by Jiri Sekac.
10:16 of 1st period - Shot Blocked by Cedric Paquette.
10:18 of 1st period - Slapshot by Viktor Loov.
10:18 of 1st period - Shot Misses the Net.
10:52 of 1st period - Tyler Pitlick is hit by Nathan Walker and loses puck.
10:57 of 1st period - Snap shot by Nathan Walker.
10:57 of 1st period - Shot Blocked by Jonathan Matsumoto.
10:59 of 1st period - Snap shot by Nikolay Goldobin.
10:59 of 1st period - Shot Misses the Net.
11:01 of 1st period - Slapshot by Ludwig Bystrom.
11:01 of 1st period - Deflect By Jonathan Matsumoto.
11:01 of 1st period - Stopped by Jean-Francois Berube with a rebound.
11:03 of 1st period - Slapshot by Ludwig Bystrom.
11:03 of 1st period - Stopped by Jean-Francois Berube without a rebound.
11:04 of 1st period - Corey Trivino wins face-off versus Dominik Kahun in Rocket zone.
11:04 of 1st period - Corey Trivino is hit by Dominik Kahun.
11:17 of 1st period - Corey Trivino is hit by Dominik Kahun and loses puck.
12:04 of 1st period - Snap shot by Jonathan Matsumoto.
12:04 of 1st period - Stopped by Magnus Hellberg with a rebound.
12:16 of 1st period - Andrey Pedan is hit by Nathan Walker and loses puck.
12:41 of 1st period - Wrist shot by Jordan Martinook.
12:41 of 1st period - Deflect By Jiri Sekac.
12:41 of 1st period - Stopped by Jean-Francois Berube without a rebound.
12:42 of 1st period - Peter Holland wins face-off versus Nicolas Petan in Rocket zone.
12:55 of 1st period - Snap shot by Adrian Kempe.
12:55 of 1st period - Shot Blocked by Ludwig Bystrom.
13:34 of 1st period - Alexandre Carrier is hit by Jonathan Matsumoto and loses puck.
14:03 of 1st period - Slapshot by Jordan Martinook.
14:03 of 1st period - Goal by Jordan Martinook - Moose : 2 - Rocket : 1.
14:04 of 1st period - Peter Holland wins face-off versus Vince Hinostroza in neutral zone.
14:09 of 1st period - Troy Stetcher is hit by Peter Holland.
14:19 of 1st period - Wrist shot by Peter Holland.
14:19 of 1st period - Shot Misses the Net.
14:29 of 1st period - Troy Stetcher is hit by Corey Trivino and loses puck.
14:36 of 1st period - Wrist shot by Nick Ritchie.
14:36 of 1st period - Shot Misses the Net.
14:38 of 1st period - Slapshot by Alex Petrovic.
14:38 of 1st period - Stopped by Magnus Hellberg with a rebound.
15:07 of 1st period - Icing by Tyler Pitlick.
15:08 of 1st period - Mitchell Stephens wins face-off versus Peter Holland in Rocket zone.
15:09 of 1st period - Snap shot by Nathan Walker.
15:09 of 1st period - Stopped by Jean-Francois Berube with a rebound.
15:42 of 1st period - Minor Penalty to Adrian Kempe for Holding.
15:43 of 1st period - Dominik Kahun wins face-off versus Anthony Nigro in Rocket zone.
15:59 of 1st period - Wrist shot by Troy Stetcher.
15:59 of 1st period - Stopped by Jean-Francois Berube without a rebound.
16:00 of 1st period - Anthony Nigro wins face-off versus Nicolas Petan in Rocket zone.
16:13 of 1st period - Slapshot by Iiro Pakarinen.
16:13 of 1st period - Deflect By Nicolas Petan.
16:13 of 1st period - Shot Blocked by Andrey Pedan.
16:13 of 1st period - Puck is out of play.
16:14 of 1st period - Anthony Nigro wins face-off versus Dominik Kahun in Rocket zone.
17:42 of 1st period - Penalty to Adrian Kempe is over, Adrian Kempe is back on ice.
18:15 of 1st period - Alexandre Carrier is hit by Adrian Kempe and loses puck.
18:22 of 1st period - Backhand shot by Adrian Kempe.
18:22 of 1st period - Stopped by Magnus Hellberg with a rebound.
18:47 of 1st period - Nathan Walker is hit by Alex Petrovic and loses puck.
19:08 of 1st period - Snap shot by Corey Trivino.
19:08 of 1st period - Stopped by Magnus Hellberg with a rebound.
19:31 of 1st period - Danton Heinen is hit by Nikolay Goldobin and loses puck.
19:52 of 1st period - Snap shot by Mattias Tedenby.
19:52 of 1st period - Deflect By Alexandre Carrier.
19:52 of 1st period - Shot Blocked by Alexandre Carrier.
19:52 of 1st period - Puck is out of play.
19:53 of 1st period - Dominik Kahun wins face-off versus Corey Trivino in Moose zone.
Goals for this period are 2 for Moose vs 1 for Rocket.
Shots for this period are 18 for Moose vs 10 for Rocket.

2nd period


0:01 of 2nd period - Dominik Kahun wins face-off versus Corey Trivino in neutral zone.
0:26 of 2nd period - Jordan Martinook is hit by Peter Holland and loses puck.
0:31 of 2nd period - Wrist shot by Danton Heinen.
0:31 of 2nd period - Stopped by Magnus Hellberg with a rebound.
0:33 of 2nd period - Slapshot by Viktor Loov.
0:33 of 2nd period - Deflect By Jordan Martinook.
0:33 of 2nd period - Stopped by Magnus Hellberg with a rebound.
0:35 of 2nd period - Wrist shot by Adrian Kempe.
0:35 of 2nd period - Stopped by Magnus Hellberg with a rebound.
0:49 of 2nd period - Mattias Tedenby is hit by Cedric Paquette and loses puck.
1:01 of 2nd period - Icing by Andrei Mironov.
1:02 of 2nd period - Dominik Kahun wins face-off versus Jonathan Matsumoto in Rocket zone.
1:33 of 2nd period - Snap shot by Tom Wilson.
1:33 of 2nd period - Shot Misses the Net.
1:35 of 2nd period - Wrist shot by Nick Ritchie.
1:35 of 2nd period - Stopped by Magnus Hellberg with a rebound.
1:39 of 2nd period - Wrist shot by Nick Ritchie.
1:39 of 2nd period - Shot Misses the Net.
1:49 of 2nd period - Danton Heinen is hit by Cedric Paquette and loses puck.
2:15 of 2nd period - Off-side.
2:16 of 2nd period - Nikolaj Ehlers wins face-off versus Anthony Nigro in neutral zone.
2:29 of 2nd period - Vladislav Gavrikov is hit by Jiri Sekac and loses puck.
2:50 of 2nd period - Wrist shot by Jiri Sekac.
2:50 of 2nd period - Shot Misses the Net.
2:52 of 2nd period - Slapshot by Andrey Pedan.
2:52 of 2nd period - Deflect By Jiri Sekac.
2:52 of 2nd period - Shot Misses the Net.
2:52 of 2nd period - Puck is out of play.
2:53 of 2nd period - Tom Wilson wins face-off versus Nicolas Petan in Moose zone.
3:20 of 2nd period - Snap shot by Cedric Paquette.
3:20 of 2nd period - Stopped by Jean-Francois Berube with a rebound.
3:22 of 2nd period - Wrist shot by Josh Bailey.
3:22 of 2nd period - Shot Misses the Net.
3:24 of 2nd period - Slapshot by Jesse Graham.
3:24 of 2nd period - Shot Misses the Net.
3:26 of 2nd period - Snap shot by Jesse Graham.
3:26 of 2nd period - Shot Blocked by Alex Petrovic.
3:28 of 2nd period - Snap shot by Cedric Paquette.
3:28 of 2nd period - Stopped by Jean-Francois Berube with a rebound.
4:30 of 2nd period - Snap shot by Tom Wilson.
4:30 of 2nd period - Shot Misses the Net.
4:32 of 2nd period - Snap shot by Corey Trivino.
4:32 of 2nd period - Shot Misses the Net.
4:42 of 2nd period - Vince Hinostroza is hit by Jack Glover and loses puck.
4:49 of 2nd period - Wrist shot by Adrian Kempe.
4:49 of 2nd period - Stopped by Magnus Hellberg with a rebound.
4:51 of 2nd period - Snap shot by Peter Holland.
4:51 of 2nd period - Shot Misses the Net.
5:05 of 2nd period - Josh Bailey is hit by Tyler Pitlick and loses puck.
5:25 of 2nd period - Snap shot by Nikolay Goldobin.
5:25 of 2nd period - Shot Blocked by Mattias Tedenby.
5:31 of 2nd period - Vladislav Gavrikov is hit by Brian Dumoulin and loses puck.
5:55 of 2nd period - Icing by Viktor Loov.
5:56 of 2nd period - Corey Trivino wins face-off versus Nicolas Petan in Rocket zone.
6:32 of 2nd period - Snap shot by Jordan Martinook.
6:32 of 2nd period - Shot Blocked by Andrei Mironov.
6:34 of 2nd period - Slapshot by Jesse Graham.
6:34 of 2nd period - Deflect By Iiro Pakarinen.
6:34 of 2nd period - Shot Blocked by Andrei Mironov.
6:34 of 2nd period - Puck is out of play.
6:35 of 2nd period - Dominik Kahun wins face-off versus Corey Trivino in Rocket zone.
6:46 of 2nd period - Wrist shot by Nikolaj Ehlers.
6:46 of 2nd period - Stopped by Jean-Francois Berube with a rebound.
6:48 of 2nd period - Wrist shot by Vince Hinostroza.
6:48 of 2nd period - Shot Misses the Net.
7:00 of 2nd period - Josh Bailey is hit by Adrian Kempe and loses puck.
7:42 of 2nd period - Wrist shot by Anthony Nigro.
7:42 of 2nd period - Shot Misses the Net.
8:35 of 2nd period - Wrist shot by Adrian Kempe.
8:35 of 2nd period - Shot Misses the Net.
8:37 of 2nd period - Snap shot by Danton Heinen.
8:37 of 2nd period - Shot Misses the Net.
8:46 of 2nd period - Alexandre Carrier is hit by Jonathan Matsumoto and loses puck.
8:55 of 2nd period - Snap shot by Mattias Tedenby.
8:55 of 2nd period - Goal by Mattias Tedenby - Moose : 2 - Rocket : 2.
8:56 of 2nd period - Dominik Kahun wins face-off versus Corey Trivino in neutral zone.
9:11 of 2nd period - Wrist shot by Tom Wilson.
9:11 of 2nd period - Stopped by Magnus Hellberg with a rebound.
9:21 of 2nd period - Adrian Kempe is hit by Iiro Pakarinen and loses puck.
10:50 of 2nd period - Snap shot by Iiro Pakarinen.
10:50 of 2nd period - Stopped by Jean-Francois Berube without a rebound.
10:51 of 2nd period - Corey Trivino wins face-off versus Nicolas Petan in Rocket zone.
11:05 of 2nd period - Corey Trivino is hit by Nicolas Petan and loses puck.
11:22 of 2nd period - Snap shot by Jonathan Matsumoto.
11:22 of 2nd period - Stopped by Magnus Hellberg with a rebound.
11:24 of 2nd period - Wrist shot by Jonathan Matsumoto.
11:24 of 2nd period - Shot Misses the Net.
11:30 of 2nd period - Snap shot by Jonathan Matsumoto.
11:30 of 2nd period - Shot Misses the Net.
11:32 of 2nd period - Wrist shot by Jonathan Matsumoto.
11:32 of 2nd period - Shot Blocked by Iiro Pakarinen.
11:34 of 2nd period - Slapshot by Viktor Loov.
11:34 of 2nd period - Stopped by Magnus Hellberg with a rebound.
11:54 of 2nd period - Troy Stetcher is hit by Peter Holland and loses puck.
12:52 of 2nd period - Wrist shot by Corey Trivino.
12:52 of 2nd period - Shot Misses the Net.
12:55 of 2nd period - Icing by Jesse Graham.
12:56 of 2nd period - Peter Holland wins face-off versus Dominik Kahun in Moose zone.
13:07 of 2nd period - Snap shot by Adrian Kempe.
13:07 of 2nd period - Stopped by Magnus Hellberg without a rebound.
13:08 of 2nd period - Jordan Martinook wins face-off versus Corey Trivino in Moose zone.
13:13 of 2nd period - Slapshot by Ludwig Bystrom.
13:13 of 2nd period - Stopped by Jean-Francois Berube with a rebound.
13:15 of 2nd period - Snap shot by Jordan Martinook.
13:15 of 2nd period - Shot Misses the Net.
13:17 of 2nd period - Wrist shot by Iiro Pakarinen.
13:17 of 2nd period - Stopped by Jean-Francois Berube without a rebound.
13:18 of 2nd period - Corey Trivino wins face-off versus Nicolas Petan in Rocket zone.
14:04 of 2nd period - Ludwig Bystrom is hit by Nick Ritchie and loses puck.
14:30 of 2nd period - Slapshot by Nick Ritchie.
14:30 of 2nd period - Stopped by Magnus Hellberg without a rebound.
14:31 of 2nd period - Peter Holland wins face-off versus Dominik Kahun in Moose zone.
15:23 of 2nd period - Jiri Sekac is hit by Jesse Graham and loses puck.
15:43 of 2nd period - Jiri Sekac is hit by Vince Hinostroza and loses puck.
15:44 of 2nd period - Jiri Sekac from Rocket is injured at 15:44 of 2nd period (Bruised Right Arm).
15:45 of 2nd period - Dominik Kahun wins face-off versus Peter Holland in Rocket zone.
15:56 of 2nd period - Snap shot by Nikolaj Ehlers.
15:56 of 2nd period - Deflect By Dominik Kahun.
15:56 of 2nd period - Shot Misses the Net.
15:56 of 2nd period - Puck is out of play.
15:57 of 2nd period - Peter Holland wins face-off versus Dominik Kahun in Rocket zone.
16:06 of 2nd period - Slapshot by Brian Dumoulin.
16:06 of 2nd period - Shot Misses the Net.
16:08 of 2nd period - Snap shot by Adrian Kempe.
16:08 of 2nd period - Shot Blocked by Troy Stetcher.
16:10 of 2nd period - Snap shot by Adrian Kempe.
16:10 of 2nd period - Goal by Adrian Kempe - Moose : 2 - Rocket : 3.
16:11 of 2nd period - Dominik Kahun wins face-off versus Peter Holland in neutral zone.
16:37 of 2nd period - Brian Dumoulin is hit by Troy Stetcher and loses puck.
16:44 of 2nd period - Danton Heinen is hit by Cedric Paquette and loses puck.
17:08 of 2nd period - Minor Penalty to Nick Ritchie for Interference.
17:09 of 2nd period - Dominik Kahun wins face-off versus Anthony Nigro in Rocket zone.
17:56 of 2nd period - Anthony Nigro is hit by Nikolaj Ehlers and loses puck.
18:01 of 2nd period - Snap shot by Troy Stetcher.
18:01 of 2nd period - Goal by Troy Stetcher - Moose : 3 - Rocket : 3.
18:02 of 2nd period - Peter Holland wins face-off versus Nicolas Petan in neutral zone.
18:14 of 2nd period - Snap shot by Jordan Martinook.
18:14 of 2nd period - Stopped by Jean-Francois Berube without a rebound.
18:15 of 2nd period - Nicolas Petan wins face-off versus Corey Trivino in Rocket zone.
18:15 of 2nd period - Nicolas Petan is hit by Alex Petrovic.
18:17 of 2nd period - Snap shot by Troy Stetcher.
18:17 of 2nd period - Stopped by Jean-Francois Berube with a rebound.
18:19 of 2nd period - Slapshot by Vladislav Gavrikov.
18:19 of 2nd period - Shot Misses the Net.
18:21 of 2nd period - Snap shot by Nicolas Petan.
18:21 of 2nd period - Shot Blocked by Alex Petrovic.
18:23 of 2nd period - Snap shot by Jordan Martinook.
18:23 of 2nd period - Shot Blocked by Brian Dumoulin.
18:25 of 2nd period - Slapshot by Troy Stetcher.
18:25 of 2nd period - Stopped by Jean-Francois Berube with a rebound.
18:27 of 2nd period - Slapshot by Troy Stetcher.
18:27 of 2nd period - Shot Misses the Net.
18:29 of 2nd period - Wrist shot by Vladislav Gavrikov.
18:29 of 2nd period - Shot Blocked by Brian Dumoulin.
18:31 of 2nd period - Snap shot by Jordan Martinook.
18:31 of 2nd period - Deflect By Iiro Pakarinen.
18:31 of 2nd period - Stopped by Jean-Francois Berube without a rebound.
18:32 of 2nd period - Dominik Kahun wins face-off versus Peter Holland in Rocket zone.
18:36 of 2nd period - Minor Penalty to Alex Petrovic for Hooking.
18:37 of 2nd period - Anthony Nigro wins face-off versus Dominik Kahun in Rocket zone.
18:59 of 2nd period - Anthony Nigro is hit by Vince Hinostroza and loses puck.
Goals for this period are 1 for Moose vs 2 for Rocket.
Shots for this period are 11 for Moose vs 12 for Rocket.

3rd period


0:01 of 3rd period - Dominik Kahun wins face-off versus Anthony Nigro in neutral zone.
0:06 of 3rd period - Slapshot by Troy Stetcher.
0:06 of 3rd period - Shot Blocked by Andrey Pedan.
0:08 of 3rd period - Wrist shot by Dominik Kahun.
0:08 of 3rd period - Stopped by Jean-Francois Berube without a rebound.
0:09 of 3rd period - Dominik Kahun wins face-off versus Tyler Pitlick in Rocket zone.
0:26 of 3rd period - Tyler Pitlick is hit by Dominik Kahun and loses puck.
0:36 of 3rd period - Penalty to Alex Petrovic is over, Alex Petrovic is back on ice.
1:01 of 3rd period - Dominik Kahun is hit by Alex Petrovic and loses puck.
1:26 of 3rd period - Slapshot by Nikolaj Ehlers.
1:26 of 3rd period - Shot Misses the Net.
1:28 of 3rd period - Snap shot by Nikolaj Ehlers.
1:28 of 3rd period - Shot Blocked by Alex Petrovic.
1:30 of 3rd period - Wrist shot by Ludwig Bystrom.
1:30 of 3rd period - Stopped by Jean-Francois Berube without a rebound.
1:31 of 3rd period - Nicolas Petan wins face-off versus Peter Holland in Rocket zone.
1:47 of 3rd period - Minor Penalty to Danton Heinen for Hooking.
1:48 of 3rd period - Nicolas Petan wins face-off versus Anthony Nigro in Rocket zone.
3:14 of 3rd period - Iiro Pakarinen is hit by Mattias Tedenby and loses puck.
3:34 of 3rd period - Icing by Nathan Walker.
3:35 of 3rd period - Dominik Kahun wins face-off versus Peter Holland in Moose zone.
3:47 of 3rd period - Penalty to Danton Heinen is over, Danton Heinen is back on ice.
4:42 of 3rd period - Off-side.
4:43 of 3rd period - Anthony Nigro wins face-off versus Mitchell Stephens in neutral zone.
4:56 of 3rd period - Slapshot by Anthony Nigro.
4:56 of 3rd period - Deflect By Adrian Kempe.
4:56 of 3rd period - Shot Misses the Net.
4:56 of 3rd period - Puck is out of play.
4:57 of 3rd period - Peter Holland wins face-off versus Dominik Kahun in Moose zone.
5:02 of 3rd period - Wrist shot by Adrian Kempe.
5:02 of 3rd period - Shot Misses the Net.
6:01 of 3rd period - Brian Dumoulin is hit by Jesse Graham and loses puck.
6:11 of 3rd period - Wrist shot by Adrian Kempe.
6:11 of 3rd period - Shot Misses the Net.
6:13 of 3rd period - Snap shot by Adrian Kempe.
6:13 of 3rd period - Shot Blocked by Alexandre Carrier.
6:30 of 3rd period - Backhand shot by Tom Wilson.
6:30 of 3rd period - Goal by Tom Wilson - Moose : 3 - Rocket : 4.
6:31 of 3rd period - Dominik Kahun wins face-off versus Peter Holland in neutral zone.
6:34 of 3rd period - Slapshot by Troy Stetcher.
6:34 of 3rd period - Stopped by Jean-Francois Berube without a rebound.
6:35 of 3rd period - Peter Holland wins face-off versus Dominik Kahun in Rocket zone.
6:43 of 3rd period - Minor Penalty to Troy Stetcher for Cross-checking.
6:44 of 3rd period - Adrian Kempe wins face-off versus Cedric Paquette in Moose zone.
8:33 of 3rd period - Peter Holland is hit by Dominik Kahun and loses puck.
8:43 of 3rd period - Penalty to Troy Stetcher is over, Troy Stetcher is back on ice.
8:46 of 3rd period - Dominik Kahun is hit by Viktor Loov and loses puck.
8:57 of 3rd period - Wrist shot by Anthony Nigro.
8:57 of 3rd period - Stopped by Magnus Hellberg with a rebound.
8:59 of 3rd period - Snap shot by Mattias Tedenby.
8:59 of 3rd period - Shot Blocked by Dominik Kahun.
9:19 of 3rd period - Icing by Alexandre Carrier.
9:20 of 3rd period - Nicolas Petan wins face-off versus Corey Trivino in Moose zone.
9:43 of 3rd period - Ludwig Bystrom is hit by Anthony Nigro and loses puck.
9:54 of 3rd period - Slapshot by Ludwig Bystrom.
9:54 of 3rd period - Stopped by Jean-Francois Berube without a rebound.
9:55 of 3rd period - Jonathan Matsumoto wins face-off versus Dominik Kahun in Rocket zone.
10:09 of 3rd period - Minor Penalty to Vince Hinostroza for Holding Stick.
10:10 of 3rd period - Cedric Paquette wins face-off versus Peter Holland in Moose zone.
10:26 of 3rd period - Matthew Benning is hit by Alex Petrovic and loses puck.
11:05 of 3rd period - Andrei Mironov is hit by Nikolay Goldobin.
12:09 of 3rd period - Penalty to Vince Hinostroza is over, Vince Hinostroza is back on ice.
12:31 of 3rd period - Icing by Ludwig Bystrom.
12:32 of 3rd period - Anthony Nigro wins face-off versus Dominik Kahun in Moose zone.
13:32 of 3rd period - Wrist shot by Adrian Kempe.
13:32 of 3rd period - Stopped by Magnus Hellberg with a rebound.
13:34 of 3rd period - Slapshot by Andrey Pedan.
13:34 of 3rd period - Deflect By Adrian Kempe.
13:34 of 3rd period - Goal by Adrian Kempe - Moose : 3 - Rocket : 5.
13:35 of 3rd period - Nicolas Petan wins face-off versus Peter Holland in neutral zone.
14:44 of 3rd period - Wrist shot by Nathan Walker.
14:44 of 3rd period - Stopped by Jean-Francois Berube with a rebound.
14:46 of 3rd period - Snap shot by Nathan Walker.
14:46 of 3rd period - Shot Blocked by Daniel Sprong.
14:48 of 3rd period - Snap shot by Nikolay Goldobin.
14:48 of 3rd period - Goal by Nikolay Goldobin - Moose : 4 - Rocket : 5.
14:49 of 3rd period - Dominik Kahun wins face-off versus Peter Holland in neutral zone.
14:52 of 3rd period - Slapshot by Ludwig Bystrom.
14:52 of 3rd period - Deflect By Danton Heinen.
14:52 of 3rd period - Stopped by Jean-Francois Berube without a rebound.
14:53 of 3rd period - Dominik Kahun wins face-off versus Peter Holland in Rocket zone.
14:56 of 3rd period - Snap shot by Vince Hinostroza.
14:56 of 3rd period - Shot Misses the Net.
15:10 of 3rd period - Adrian Kempe is hit by Matthew Benning and loses puck.
15:22 of 3rd period - Icing by Brendan Perlini.
15:23 of 3rd period - Jonathan Matsumoto wins face-off versus Cedric Paquette in Moose zone.
15:34 of 3rd period - Wrist shot by Cedric Paquette.
15:34 of 3rd period - Shot Misses the Net.
15:36 of 3rd period - Slapshot by Brendan Perlini.
15:36 of 3rd period - Goal by Brendan Perlini - Moose : 5 - Rocket : 5.
15:37 of 3rd period - Jonathan Matsumoto wins face-off versus Dominik Kahun in neutral zone.
15:52 of 3rd period - Slapshot by Nikolaj Ehlers.
15:52 of 3rd period - Stopped by Jean-Francois Berube without a rebound.
15:53 of 3rd period - Cedric Paquette wins face-off versus Peter Holland in Rocket zone.
15:56 of 3rd period - Slapshot by Troy Stetcher.
15:56 of 3rd period - Stopped by Jean-Francois Berube with a rebound.
16:56 of 3rd period - Jack Glover is hit by Nathan Walker and loses puck.
17:22 of 3rd period - Nikolaj Ehlers is hit by Nick Ritchie and loses puck.
17:37 of 3rd period - Tom Wilson is hit by Alexandre Carrier and loses puck.
17:48 of 3rd period - Slapshot by Nick Ritchie.
17:48 of 3rd period - Stopped by Magnus Hellberg without a rebound.
17:49 of 3rd period - Jonathan Matsumoto wins face-off versus Cedric Paquette in Moose zone.
17:50 of 3rd period - Slapshot by Mattias Tedenby.
17:50 of 3rd period - Stopped by Magnus Hellberg without a rebound.
17:51 of 3rd period - Tyler Pitlick wins face-off versus Cedric Paquette in Moose zone.
17:57 of 3rd period - Minor Penalty to Vladislav Gavrikov for Hooking.
17:58 of 3rd period - Peter Holland wins face-off versus Cedric Paquette in Moose zone.
18:00 of 3rd period - Wrist shot by Danton Heinen.
18:00 of 3rd period - Shot Blocked by Matthew Benning.
18:02 of 3rd period - Slapshot by Alex Petrovic.
18:02 of 3rd period - Shot Misses the Net.
18:04 of 3rd period - Snap shot by Peter Holland.
18:04 of 3rd period - Stopped by Magnus Hellberg with a rebound.
18:24 of 3rd period - Matthew Benning is hit by Tyler Pitlick and loses puck.
19:11 of 3rd period - Alex Petrovic is hit by Alexandre Carrier and loses puck.
19:34 of 3rd period - Adrian Kempe is hit by Ludwig Bystrom and loses puck.
19:57 of 3rd period - Penalty to Vladislav Gavrikov is over, Vladislav Gavrikov is back on ice.
19:58 of 3rd period - Tyler Pitlick is hit by Vladislav Gavrikov and loses puck.
Goals for this period are 2 for Moose vs 2 for Rocket.
Shots for this period are 10 for Moose vs 7 for Rocket.

Overtime #1


0:01 of 1st overtime period - Dominik Kahun wins face-off versus Anthony Nigro in neutral zone.
0:52 of 1st overtime period - Slapshot by Troy Stetcher.
0:52 of 1st overtime period - Deflect By Vince Hinostroza.
0:52 of 1st overtime period - Shot Blocked by Andrey Pedan.
0:52 of 1st overtime period - Puck is out of play.
0:53 of 1st overtime period - Cedric Paquette wins face-off versus Anthony Nigro in Rocket zone.
0:54 of 1st overtime period - Snap shot by Vince Hinostroza.
0:54 of 1st overtime period - Stopped by Jean-Francois Berube without a rebound.
0:55 of 1st overtime period - Anthony Nigro wins face-off versus Dominik Kahun in Rocket zone.
1:24 of 1st overtime period - Wrist shot by Cedric Paquette.
1:24 of 1st overtime period - Shot Misses the Net.
1:26 of 1st overtime period - Slapshot by Vladislav Gavrikov.
1:26 of 1st overtime period - Stopped by Jean-Francois Berube with a rebound.
1:28 of 1st overtime period - Snap shot by Matthew Benning.
1:28 of 1st overtime period - Shot Blocked by Mattias Tedenby.
1:30 of 1st overtime period - Snap shot by Vince Hinostroza.
1:30 of 1st overtime period - Shot Misses the Net.
1:32 of 1st overtime period - Snap shot by Vince Hinostroza.
1:32 of 1st overtime period - Goal by Vince Hinostroza - Moose : 6 - Rocket : 5.
Goals for this period are 1 for Moose vs 0 for Rocket.
Shots for this period are 3 for Moose vs 0 for Rocket. Output by the SimonT Hockey Simulator (STHS) for Francois Prevost - Original Page W3C HTML5 Valid
Hockey Simulator - Hockey Simulation - Hockey Manager